Map: Blueshift LE

Players

kemachi - Winner!

  • Race: Zerg Zerg
  • League: Diamond
  • Spawn Location: 7:00

Mercury

  • Race: Protoss Protoss
  • League: Diamond
  • Spawn Location: 1:00

VOD

Have the link to the VOD?

Description

Time

  • Played on: Sept. 17, 2018, 4:24 p.m.
  • Length: 7:10
Show
View Real Time Build Order
Export as new Build Order

kemachi Zerg - Winner!

Build Orders: Hatch First 

Get SALT Encoding   

  12  0:01  Drone  
  13  0:12  Overlord  
  13  0:20  Drone  
  14  0:31  Drone x2  
  14  0:34  Drone  
  17  0:55  Hatchery, Drone  
  17  1:02  Extractor, Drone  
  17  1:20  Spawning Pool  
  15  2:07  Queen  
  18  2:14  Zergling x2  
  18  2:15  Zergling x4  
  21  2:22  Hatchery  
  20  2:29  Zergling x2  
  21  2:41  Zergling x2  
  22  2:50  Overlord  
  22  2:52  Metabolic Boost  
  22  3:17  Zergling x2  
  23  3:20  Roach Warren  
  23  3:22  Drone x4  
  24  3:35  Zergling x2  
  25  3:43  Queen  
  25  3:45  Zergling x2  
  28  3:57  Zergling x6  
  28  4:00  Zergling x2  
  32  4:07  Zergling x2  
  33  4:23  Roach x2  
  35  4:28  Zergling x2  
  35  4:30  Overlord  
  36  4:41  Lair  
  36  4:43  Extractor, Drone  
  36  4:47  Overlord  
  33  4:53  Zergling x4  
  35  5:04  Drone x2  
  37  5:17  Hatchery  
  36  5:36  Drone x3  
  36  5:40  Spore Crawler  
  40  6:04  Roach x3  
  44  6:29  Roach  
  44  6:30  Roach x3  
  52  6:40  Hydralisk Den  
  51  6:54  Drone  
Show
View Real Time Build Order
Export as new Build Order

Mercury Protoss 

Build Orders: Cannon Rush 

Get SALT Encoding   

  12  0:03  Probe  
  13  0:15  Probe  
  14  0:22  Pylon  
  14  0:28  Probe  
  15  0:40  Probe  
  16  0:43  Forge  
  16  0:52  Probe  
  16  0:56  Pylon  
  17  0:59  Assimilator  
  17  1:22  Photon Cannon  
  17  1:26  Pylon  
  17  1:28  Pylon  
  16  1:56  Photon Cannon x2  
  16  2:00  Photon Cannon  
  16  2:12  Pylon  
  16  2:15  Probe  
  17  2:24  Probe  
  18  2:30  Nexus  
  18  2:34  Probe  
  19  2:46  Probe  
  20  2:52  Photon Cannon  
  20  2:56  Assimilator  
  20  3:00  Assimilator  
  20  3:10  Probe  
  20  3:12  Gateway  
  21  3:17  Pylon  
  21  3:37  Photon Cannon  
  21  3:38  Pylon  
  21  3:40  Photon Cannon  
  21  3:45  Photon Cannon  
  21  4:05  Pylon  
  21  4:13  Cybernetics Core  
  21  4:15  Probe  
  21  4:19  Probe  
  23  4:27  Photon Cannon  
  23  4:29  Probe, Gateway  
  23  4:30  Probe  
  23  4:35  Warp Gate  
  23  4:38  Probe  
  25  4:41  Probe  
  27  4:53  Gateway  
  27  4:58  Photon Cannon  
  27  5:00  Probe  
  27  5:03  Probe  
  28  5:12  Probe x2  
  30  5:14  Pylon  
  31  5:35  Stargate  
  31  5:43  Probe  
  31  5:44  Probe  
  31  5:45  Twilight Council  
  33  5:51  Probe  
  33  5:52  Assimilator, Probe  
  33  5:56  Assimilator  
  35  6:07  Probe x2  
  37  6:19  Probe x2  
  40  6:26  Void Ray  
  19  6:40  Zealot  
  19  6:41  Zealot x2  
Tags
 
Add a new tag
Caveats
  • Supply blocks, unpowered buildings, or Contaminate may cause inaccurate times.
  • Supply counts are checked every 10 seconds.